 Dungeon Crawl Stone Soup version 0.30-a0-140-gd1020e658a (webtiles) character file.

Game seed: 8156289995410130405

511 ReploidZero the Shield-Bearer (level 7, 0/60 HPs)
             Began as a Hill Orc Wanderer on Sept 25, 2022.
             Slain by Pikel
             ... wielding a +0 whip of electrocution
              (11 damage)
             ... on level 3 of the Dungeon.
             The game lasted 00:12:40 (4777 turns).

ReploidZero the Shield-Bearer (Hill Orc Wanderer)   Turns: 4777, Time: 00:12:41

Health: 0/60       AC: 13    Str: 16    XL:     7   Next: 19%
Magic:  7/7        EV:  9    Int: 10    God:
Gold:   210        SH: 11    Dex: 13    Spells: 6/6 levels left

rFire   . . .      SeeInvis .    a - +1 falchion (freeze)
rCold   . . .      Faith    .    b - +1 buckler {AC+3}
rNeg    . . .      Spirit   .    s - +0 scale mail
rPois   .          Reflect  +    (no helmet)
rElec   .          Harm     .    j - +0 cloak
rCorr   .          Rampage  .    (no gloves)
Will    .....                    (no boots)
Stlth   ..........               g - amulet of reflection
HPRegen 0.20/turn                (no ring)
MPRegen 0.10/turn                (no ring)

@: invisible (expiring)
A: claws 1, talons 1, iridescent scales 1
a: no special abilities


You were on level 3 of the Dungeon.
You visited 1 branch of the dungeon, and saw 4 of its levels.

You collected 210 gold pieces.

Inventory:

Hand Weapons
 a - a +1 falchion of freezing (weapon)
 n - a +0 flail
Missiles
 k - 4 poisoned darts
 m - 3 atropa-tipped darts (quivered)
 u - a javelin
Armour
 b - a +1 buckler of protection (worn)
 j - a +0 cloak (worn)
 s - a +0 scale mail (worn)
Jewellery
 g - an amulet of reflection (around neck)
 t - a ring of positive energy
Scrolls
 f - 2 scrolls of magic mapping
 h - a scroll of vulnerability
 i - a scroll of identify
 v - a scroll of amnesia {unknown}
Potions
 d - a potion of magic
 e - 2 potions of brilliance
 l - a potion of haste
 p - a potion of attraction {unknown}
 q - a potion of curing
 r - 3 potions of lignification


   Skills:
 + Level 4.5 Fighting
 + Level 4.5 Long Blades
 + Level 3.9 Armour
 + Level 6.8 Shields
 - Level 1.0 Evocations


You had 6 spell levels left.
You didn't know any spells.
Your spell library was empty.

Dungeon Overview and Level Annotations

Branches:
Dungeon (4/15)
 Temple: D:4-7

Altars:
Ashenzari
Hepliaklqana
Wu Jian

Annotations:
D:3 Pikel


Innate Abilities, Weirdness & Mutations

You have sharp fingernails.
You have sharp toenails.
You are partially covered in iridescent scales. (AC +2)


Message History

You kill the lemure!
That felt strangely unrewarding.
Unknown command.
Pikel says, "You'll make a fine lemure."
Throw: 3 darts (atropa)
Press: ? - help, Q - select action, (/) - cycle Shift-Dir - straight line, f - Pikel
Aim: Pikel, wielding a +0 whip of electrocution and wearing a +0 robe (lightly wounded, unable to see you, 51% to hit, chance to blind on hit: 3%)
Okay, then.
Unknown command.
You flicker for a moment.
You hit Pikel but do no damage. Your kick misses Pikel.
Pikel is lightly wounded.
Pikel hits you but does no damage.
You catch the helpless Pikel completely off-guard!
You hit Pikel but do no damage.
Pikel is lightly wounded.
Hit: a) +1 falchion (freeze)
Press: ? - help, Dir - move target, f - Pikel
Aim: Pikel, wielding a +0 whip of electrocution and wearing a +0 robe (lightly wounded, unable to see you, about 44% to evade your +1 falchion of freezing)
Okay, then.
Unknown command.
Okay, then.
Unknown command.
Throw: 3 darts (atropa)
Press: ? - help, Q - select action, (/) - cycle Shift-Dir - straight line, f - Pikel
Aim: Pikel, wielding a +0 whip of electrocution and wearing a +0 robe (lightly wounded, unable to see you, 51% to hit, chance to blind on hit: 3%)
Okay, then.
You aren't carrying any items that you can evoke.
Unknown command.
Unknown command.
Unknown command.
You hit Pikel but do no damage. Your kick misses Pikel.
Pikel is lightly wounded.
You block Pikel's attack.
You barely miss Pikel.
Pikel is lightly wounded.
Pikel hits you with a +0 whip of electrocution.
* * * LOW HITPOINT WARNING * * *
You are electrocuted!
You die...

# ♣♣)♣ #.## ##.# # ♣.♣♣
########## #.# #.# # ##'##
#........###.# #.# # #...#
#........##..######.# # #...#
###........##.#.##..#.. # #)..#
#.'........+..<........ # #####
###........##.........# #
#........##.#.###.###
#############..K@.[..##.#.#.[...#
.(.........##........##....(#.#.#
##.......#.##...#####...###...#.#
#.##....#.....## #...# ###...#
##.##....##.##.## #...# #...#
...##....##.....# #...# #.#.#
#####....####..### #...# #####..
......#### #....####...# #......
#####.# ######.....##...# #......


You could see Pikel (unable to see you).

Vanquished Creatures
  A lemure (D:3)
  A necrophage (D:4)
  A scorpion (D:4)
  2 quasits (D:3)
  2 orc priests (D:4)
  2 orc wizards
  7 adders
  A shadow imp (D:3)
  2 white imps
  An ufetubus (D:4)
  2 worms (D:3)
  5 dart slugs
  12 orcs
  6 endoplasms
  2 giant cockroaches (D:1)
  5 goblins
  4 hobgoblins
  4 jackals (D:3)
  2 quokkas (D:4)
  5 ball pythons
  5 bats
  4 frilled lizards
  8 kobolds
  6 rats
90 creatures vanquished.

Vanquished Creatures (collateral kills)
  Crazy Yiuf (D:3)
1 creature vanquished.

Vanquished Creatures (others)
  2 demonic plants (D:4)
2 creatures vanquished.

Grand Total: 93 creatures vanquished

Notes
Turn   | Place    | Note
-------+----------+-------------------------------------------
     0 | D:1      | ReploidZero the Hill Orc Wanderer began the quest for the
                  | Orb.
     0 | D:1      | ReploidZero set off with the following items: a +1
                  | falchion, a +0 buckler of protection, a scroll of
                  | summoning, a +0 leather armour.
     0 | D:1      | Reached XP level 1. HP: 16/16 MP: 1/1
   324 | D:1      | Reached XP level 2. HP: 23/23 MP: 2/2
   579 | D:1      | Found a faded altar of an unknown god.
  1292 | D:1      | Reached XP level 3. HP: 25/29 MP: 3/3
  1649 | D:1      | Prayed at the altar of an unknown god.
  1649 | D:1      | Became a worshipper of Ashenzari the Shackled
  2207 | D:2      | Reached XP level 4. HP: 37/37 MP: 4/4
  2481 | D:2      | Gained mutation: You have sharp toenails. [potion of
                  | mutation]
  2481 | D:2      | Gained mutation: You are partially covered in iridescent
                  | scales. (AC +2) [potion of mutation]
  2481 | D:2      | Gained mutation: You have sharp fingernails. [potion of
                  | mutation]
  2698 | D:3      | Found a hazy altar of Hepliaklqana.
  2762 | D:3      | Fell from the grace of Ashenzari
  2817 | D:3      | Reached skill level 6 in Shields
  2849 | D:3      | Found an ornate altar of the Wu Jian Council.
  3179 | D:3      | Found a runed translucent door.
  3180 | D:3      | Noticed Crazy Yiuf
  3199 | D:3      | Killed Crazy Yiuf
  3200 | D:3      | Reached XP level 5. HP: 10/45 MP: 5/5
  3532 | D:4      | Was forgiven by Ashenzari
  3576 | D:3      | Reached XP level 6. HP: 32/51 MP: 6/6
  4194 | D:4      | Reached XP level 7. HP: 14/59 MP: 7/7
  4699 | D:4      | Noticed Pikel
  4777 | D:3      | Slain by Pikel

Illustrated notes

Levels and vault maps discovered:
D:1:      dpeg_arrival_shrine, layout_basic, ebering_ecumenical_altar_mist,
          dreamdust_princess_corridor
D:2:      layout_rooms
D:3:      layout_basic, nicolae_overflow_crystal_walls, lemuel_doored_altar,
          uniq_crazy_yiuf_cottage
D:4:      minmay_diamond_boxcup, layout_basic, nicolae_overflow_hidden_temple,
          serial_demonic, serial_demonic_b, serial_demonic_e, serial_demonic_d,
          serial_demonic_b, kennysheep_generic_room_10, uniq_pikel

Skill      XL: |  1  2  3  4  5  6 |
---------------+-------------------+-----
Fighting       | 2 3 4 |  4.5
Armour         | 2 3 |  3.9
Long Blades    | 3 4 |  4.5
Shields        | 6 |  6.8
Evocations     | |  1.0

Action                   |  1- 3 |  4- 6 |  7- 9 || total
-------------------------+-------+-------+-------++-------
Melee: Falchion          |   102 |   183 |    42 ||   327
       Kick              |       |    37 |     6 ||    43
Throw: Dart              |       |     5 |       ||     5
       Javelin           |       |       |     2 ||     2
Invok: Renounce Religion |       |     1 |       ||     1
Evoke: Wand              |       |       |     1 ||     1
  Use: Scroll            |       |    12 |       ||    12
       Potion            |       |     3 |     2 ||     5
 Stab: Sleeping          |     3 |       |       ||     3
       Invisible         |       |     1 |     2 ||     3
Armor: Leather armour    |    14 |       |       ||    14
       Scale mail        |    10 |   177 |    21 ||   208
Dodge: Dodged            |    43 |   113 |    12 ||   168
Block: Buckler           |    42 |   204 |    21 ||   267
       Reflection        |     1 |     4 |     2 ||     7

Table legend: (Time is in decaauts)
 A = Elapsed time spent in this place.
 B = Non-inter-level travel time spent in this place.
 C = Inter-level travel time spent in this place.
 D = Time resting spent in this place.
 E = Time spent auto-exploring this place.
 F = Levels seen in this place.
 G = Mean time per level.
                   A        B        C        D        E       F      G
               +--------+--------+--------+--------+--------+-----+--------+
         Total |   4849 |   4415 |    434 |      0 |   3563 |   4 | 1212.2 |
       Dungeon |   4849 |   4415 |    434 |      0 |   3563 |   4 | 1212.2 |
               +--------+--------+--------+--------+--------+-----+--------+

Top non-repeatable levels by time:
     D:1: 1714 daAuts
     D:3: 1689 daAuts
     D:2: 984 daAuts
     D:4: 460 daAuts
